 Dungeon Crawl Stone Soup version 0.15-a0-112-g3b1490a (webtiles) character file.

6277 tap556 the Covert (level 11, -5/69 HPs)
             Began as a Halfling Assassin on Apr 10, 2014.
             Was an Elder of Dithmenos.
             Slain by a shark (18 damage)
             ... on Level 10 of the Dungeon.
             The game lasted 01:20:45 (12204 turns).

tap556 the Covert (Halfling Assassin)              Turns: 12204, Time: 01:20:45

HP  -5/69        AC 13     Str  8      XL: 11   Next:  6%
MP  12/12        EV 23     Int 11      God: Dithmenos [****..]
Gold 502         SH  0     Dex 22      Spells:  0 memorised, 10 levels left

rFire  . . .     SeeInvis +     a - +3,+2 short sword (protect)
rCold  . . .     Clarity  .     P - +1 leather armour
rNeg   . . .     Conserve +     (no shield)
rPois  .         rCorr    +     (no helmet)
rElec  +         rRot     .     s - +2 cloak {rCorr, Cons}
SustAb . .       Spirit   .     (no gloves)
rMut   .         Warding  .     A - +0 pair of boots
Gourm  +         Stasis   .     d - amulet of the Heavens {Gourm rElec SInv}
MR     +....                    z - ring of protection from magic
                                m - ring of sustenance

@: wreathed by umbra, somewhat resistant to hostile enchantments,
extraordinarily stealthy
A: mutation resistance 1, slow metabolism 1
a: Shadow Step, Renounce Religion


You were on level 10 of the Dungeon.
You worshipped Dithmenos.
Dithmenos was greatly pleased with you.
You were not hungry.

You visited 1 branch of the dungeon, and saw 10 of its levels.
You also visited: Sewer.

You collected 566 gold pieces.
You spent 64 gold pieces at shops.

Inventory:

Hand weapons
 a - a +3,+2 short sword of protection (weapon)
 b - a +2 blowgun
 c - a +2,+2 scimitar of freezing
 y - a +4,+2 dagger of flaming
 I - a +2,+3 dagger
 L - a +2,+1 bow
Missiles
 e - 46 poisoned needles
 f - 2 curare-tipped needles
 h - 49 arrows
 n - 4 darts (quivered)
 w - a throwing net
 B - 6 poisoned darts
 E - 2 silver darts
 M - 8 poisoned arrows
 O - 17 steel darts
Armour
 s - a +2 cloak of preservation (worn)
 A - a +0 pair of boots (worn)
 P - a +1 leather armour (worn)
Magical devices
 C - a wand of digging (3)
Comestibles
 g - 6 bread rations
 k - a banana
 p - 7 meat rations
 u - a snozzcumber
 N - an apple
Scrolls
 l - a scroll of vulnerability {unknown}
 o - 2 scrolls of identify
 q - a scroll of magic mapping
 t - 2 scrolls of remove curse
 v - 2 scrolls of recharging
 D - a scroll of teleportation
 G - 3 scrolls of blinking
Jewellery
 d - the amulet of the Heavens (around neck) {Gourm rElec SInv}
   (You found it on level 6 of the Dungeon)

   [amulet of the gourmand]

   It allows you to eat raw meat even when not hungry.
   It insulates you from electricity.
   It enhances your eyesight.
 m - a ring of sustenance (left hand)
 z - a ring of protection from magic (right hand)
Potions
 i - 2 potions of resistance
 j - a potion of restore abilities
 r - a potion of haste
 x - a potion of brilliance
 H - 3 potions of curing
 J - 3 potions of agility
 K - a potion of porridge


   Skills:
 + Level 4.0 Fighting
 + Level 8.2 Short Blades
 + Level 1.6 Bows
 + Level 10.1 Throwing
 + Level 3.6 Armour
 + Level 10.4 Dodging
 + Level 10.4 Stealth
 + Level 0.5 Evocations


You had 10 spell levels left.
You didn't know any spells.

Dungeon Overview and Level Annotations

Branches:
Dungeon (10/15)            Temple (0/1) D:5
    Orc: D:9-12        Lair: D:8-11

Altars:
Ashenzari
Dithmenos
Elyvilon
Kikubaaqudgha
Nemelex Xobeh

Shops:
D:7 *

Annotations:
D:3 Grinder
D:10 Banei's ghost, powerful TeWz


Innate Abilities, Weirdness & Mutations

You are small and have problems with some larger weapons.
You are somewhat resistant to further mutation.
You have a slow metabolism.


Message History

You completely miss the wolf.
The wolf is severely wounded.
The wolf closely misses you.
You miss the wolf.
The wolf is severely wounded.
The wolf misses you. The wolf completely misses you.
You closely miss the wolf.
The wolf is severely wounded.
The wolf closely misses you.
You slash the wolf!
You kill the wolf!
Dithmenos accepts your kill.
Your Fighting skill increases to level 4!
The shark goes into a frenzy at the smell of blood!
The shark bites you.
* * * LOW HITPOINT WARNING * * *
The shark completely misses you.
You see here a dart.
The shark bites you!
You die...

.≈.≈≈......8.8...8.
..≈≈.≈{............
..≈≈≈........######
..≈≈≈........#
..≈≈≈.........#
≈.≈≈≈≈.....%...#
≈≈.≈≈≈≈(....%...#
≈≈.≈≈≈≈($.%.%...#
≈≈(≈(≈≈(;@.%....#
≈≈≈.≈.≈(..(......#
.≈≈...≈..........#
.......(.........#
.....(..........#
######..........#
############


You could see a shark (frenzied).

Vanquished Creatures
  Pikel (D:5)
  A hill giant (D:8)
  A merfolk (D:9)
  A two-headed ogre (D:8)
  A troll (D:10)
  Prince Ribbit (D:4)
  Eustachio (D:9)
  A hippogriff (D:7)
  2 wolves (D:10)
  A water moccasin (D:8)
  A phantom (D:4)
  2 orc warriors
  An ice beast (D:7)
  2 ogres
  2 sky beasts
  Duvessa (D:5)
  3 centaurs
  4 big kobolds
  7 giant frogs
  2 jellies (D:5)
  2 scorpions
  3 wights (D:6)
  An electric eel (D:10)
  A hippogriff zombie (D:7)
  4 crimson imps
  8 hounds
  3 big fish (D:9)
  Dowan (D:5)
  Crazy Yiuf (D:2)
  4 orc priests
  2 orc wizards (D:4)
  A quasit (D:9)
  An iron imp (D:9)
  A gnoll shaman (D:6)
  3 worker ants
  An iguana (D:8)
  Jessica (D:2)
  A crocodile skeleton (D:5)
  2 hound skeletons
  Terence (D:2)
  A hound zombie (D:8)
  A mummy (D:8)
  6 gnolls
  2 green rats
  An orc zombie (D:10)
  19 adders
  2 giant mites (D:4)
  An inept item mimic (D:7)
  3 shadow imps (D:9)
  4 worms
  An adder zombie (D:5)
  An orc skeleton (D:6)
  A giant eyeball (D:4)
  4 oozes
  23 orcs
  6 ball pythons
  15 bats
  A bat zombie (D:6)
  6 giant cockroaches
  9 hobgoblins
  24 jackals
  16 kobolds
  5 quokkas
  4 giant geckos
  5 giant newts
  A giant spore (D:6)
  7 goblins
  14 rats
  A ballistomycete (D:6)
262 creatures vanquished.

Vanquished Creatures (others)
  A phantom (D:5)
  Natasha (D:3)
  An adder (D:5)
  An ooze (D:5)
  2 goblins (D:5)
6 creatures vanquished.

Grand Total: 268 creatures vanquished

Notes
Turn   | Place    | Note
--------------------------------------------------------------
     0 | D:1      | tap556, the Halfling Assassin, began the quest for the Orb.
     0 | D:1      | Reached XP level 1. HP: 14/14 MP: 1/1
   248 | D:1      | Reached XP level 2. HP: 19/19 MP: 2/2
   566 | D:1      | Reached skill level 6 in Stealth
   857 | D:2      | Reached XP level 3. HP: 24/24 MP: 3/3
  1046 | D:2      | Noticed Terence
  1054 | D:2      | Killed Terence
  1054 | D:2      | Reached XP level 4. HP: 29/29 MP: 4/4
  1208 | D:2      | Noticed Jessica
  1219 | D:2      | Killed Jessica
  1312 | D:2      | Noticed Crazy Yiuf
  1367 | D:2      | Found a shattered altar of Ashenzari.
  1367 | D:2      | Found a white marble altar of Elyvilon.
  1708 | D:3      | Noticed Grinder
  1910 | D:3      | Reached XP level 5. HP: 17/34 MP: 5/5
  2208 | D:3      | Reached skill level 7 in Stealth
  2270 | D:3      | Found a shadowy altar of Dithmenos.
  2280 | D:3      | Became a worshipper of Dithmenos the Shadowed
  2329 | D:3      | Found an ancient bone altar of Kikubaaqudgha.
  2414 | D:3      | Reached skill level 1 in Armour
  2685 | D:3      | Paralysed by Grinder for 2 turns
  2707 | D:3      | Paralysed by Grinder for 6 turns
  2716 | D:3      | Paralysed by Grinder for 6 turns
  3229 | D:2      | Killed Crazy Yiuf
  3229 | D:2      | Reached XP level 6. HP: 39/39 MP: 6/6
  3234 | D:2      | Identified a +2 cloak of preservation (You took it off Crazy Yiuf on level 2 of the Dungeon)
  3420 | D:3      | Noticed Natasha
  3431 | D:3      | Killed Natasha
  3716 | D:4      | Reached skill level 5 in Throwing
  4061 | D:4      | Reached XP level 7. HP: 45/45 MP: 7/7
  4222 | D:4      | Found a glowing drain.
  4226 | Sewer    | Entered a sewer
  4838 | D:4      | Noticed Prince Ribbit
  4890 | D:4      | Killed Prince Ribbit
  4890 | D:4      | Reached skill level 5 in Dodging
  4890 | D:4      | Reached XP level 8. HP: 51/51 MP: 8/8
  4961 | D:4      | Paralysed by a giant eyeball for 3 turns
  5780 | D:4      | Acquired Dithmenos' first power
  6090 | D:5      | Entered Level 5 of the Dungeon
  6141 | D:5      | Noticed Dowan
  6144 | D:5      | Noticed Duvessa
  6172 | D:5      | Killed Dowan
  6191 | D:5      | Killed Duvessa
  6405 | D:5      | Found a staircase to the Ecumenical Temple.
  6464 | D:5      | Reached skill level 8 in Stealth
  7065 | D:5      | Noticed Pikel
  7247 | D:5      | Killed Pikel
  7247 | D:5      | Reached skill level 1 in Bows
  7247 | D:5      | Reached XP level 9. HP: 19/55 MP: 9/9
  8374 | D:6      | Got a glittering steel amulet
  8652 | D:6      | Reached skill level 9 in Throwing
  8796 | D:6      | Reached skill level 5 in Short Blades
  8811 | D:6      | Identified the amulet of the Heavens {Gourm rElec SInv} (You found it on level 6 of the Dungeon)
  9248 | D:7      | Found Psuof's Assorted Antiques.
  9254 | D:7      | Bought a scroll of identify for 64 gold pieces
  9327 | D:7      | Acquired Dithmenos' second power
  9908 | D:7      | Reached XP level 10. HP: 50/63 MP: 10/10
 10434 | D:8      | Noticed a hill giant
 10444 | D:8      | Killed a hill giant
 10824 | D:8      | Reached skill level 10 in Stealth
 11214 | D:9      | Reached skill level 10 in Throwing
 11573 | D:9      | Found a sparkling altar of Nemelex Xobeh.
 11583 | D:9      | Noticed Eustachio
 11736 | D:9      | Killed Eustachio
 11906 | D:9      | Reached skill level 10 in Dodging
 12035 | D:10     | Entered Level 10 of the Dungeon
 12041 | D:10     | Noticed Banei's ghost (powerful TeWz)
 12107 | D:10     | Acquired Dithmenos' third power
 12107 | D:10     | Reached XP level 11. HP: 56/68 MP: 12/12
 12204 | D:10     | Slain by a shark

Action                   |  1- 3 |  4- 6 |  7- 9 | 10-12 || total
-------------------------+-------+-------+-------+-------++-------
Melee: Dagger            |    48 |   212 |   361 |       ||   621
       Short sword       |       |       |   313 |   502 ||   815
 Fire: Blowgun           |     4 |    16 |    50 |    30 ||   100
       Bow               |       |       |    12 |     4 ||    16
Throw: Dart              |    14 |    62 |   108 |    43 ||   227
Evoke: Wand              |       |       |     3 |       ||     3
  Use: Scroll            |     3 |     9 |    11 |     4 ||    27
       Potion            |       |     7 |    11 |     1 ||    19
 Stab: Sleeping          |     5 |     6 |    17 |    18 ||    46
       Distracted        |     1 |     1 |     2 |     2 ||     6
